| TOP OF THE 1ST |
|
Columbus Clippers batting - Pitching for Omaha Storm Chasers : RHP Jim Haggart
|
|
Pitching: RHP Jim Haggart
|
|
|
Batting: RHB Jason Sher
|
0-0: Ball 1-0: Ball 2-0: Ball 3-0: Called Strike 3-1: Foul Ball, location: 2F 3-2: SINGLE (Line Drive, 4MD, EV 109.4 MPH)
|
|
Batting: LHB Tyler Babbitt
|
0-0: Ball Jason Sher steals 2nd base 1-0: Ball 2-0: Ball 3-0: Base on Balls
|
|
Batting: SHB Valentin Laporte
|
0-0: Ball 1-0: Fly out, F6 (Popup, P, EV 83.1 MPH)
|
|
Batting: LHB Zion Davidson
|
0-0: Ball 1-0: SINGLE (Flyball, 56D, EV 95.6 MPH) Jason Sher to third Tyler Babbitt to second
|
|
Batting: LHB Jesus Lozano
|
0-0: Ball 1-0: Foul Ball, location: 2F 1-1: Swinging Strike 1-2: Foul Ball, location: 2F 1-2: Ball 2-2: Foul Ball, location: 2F 2-2: SINGLE (Groundball, 4MD, EV 98.8 MPH) Jason Sher scores Tyler Babbitt to third Zion Davidson to second
|
|
Batting: RHB Mike Quackenbush
|
0-0: Ball 1-0: Ball 2-0: Ball 3-0: Called Strike 3-1: Base on Balls Tyler Babbitt scores Zion Davidson to third Jesus Lozano to second
|
|
Batting: RHB Kyle Scruggs
|
0-0: Ball 1-0: Ball 2-0: Called Strike 2-1: Fielders Choice at 2nd, 5-4 (Groundball, 56, EV 88.8 MPH) Zion Davidson scores Jesus Lozano to third
|
|
Batting: RHB Justin Ganey
|
0-0: Swinging Strike 0-1: Foul Ball, location: 2F 0-2: Strikes out swinging
|
| Top of the 1st over - 3 runs, 3 hits, 0 errors, 2 left on base; Columbus 3 - Omaha 0 |
| BOTTOM OF THE 1ST |
|
Omaha Storm Chasers batting - Pitching for Columbus Clippers : RHP Roberto Reyes
|
|
Pitching: RHP Roberto Reyes
|
|
|
Batting: RHB Ken Postlethwaite
|
0-0: Ball 1-0: Ball 2-0: Ball 3-0: Called Strike 3-1: Base on Balls
|
|
Batting: RHB Adam Martin
|
0-0: Ball 1-0: Hit by Pitch Ken Postlethwaite to second
|
|
Batting: RHB Taisei Fujii
|
0-0: Called Strike 0-1: Swinging Strike 0-2: Ball 1-2: Ball 2-2: Single, Error in OF, E7, batter to second base (Groundball, 56D, EV 95.6 MPH) Ken Postlethwaite scores Adam Martin to third
|
|
Batting: SHB Ryoji Hiraoka
|
0-0: Ball 1-0: Called Strike 1-1: Ball 2-1: Foul Ball, location: 2F 2-2: Strikes out swinging
|
|
Batting: RHB Kazuki Arai
|
0-0: Ball 1-0: Reached on error, E6 (Groundball, P, EV 91.2 MPH) Adam Martin scores Taisei Fujii scores
|
|
Batting: SHB Mike Williams
|
0-0: Called Strike 0-1: Ball 1-1: Swinging Strike 1-2: Ball 2-2: Ball 3-2: Strikes out swinging
|
|
Batting: RHB Yuichi Takata
|
0-0: Ball 1-0: Ball 2-0: Fly out, F7 (Flyball, 7D, EV 103.1 MPH)
|
| Bottom of the 1st over - 3 runs, 1 hit, 2 errors, 1 left on base; Columbus 3 - Omaha 3 |
| TOP OF THE 2ND |
|
Columbus Clippers batting - Pitching for Omaha Storm Chasers : RHP Jim Haggart
|
|
Batting: RHB Chad Thompson
|
0-0: Called Strike 0-1: Ball 1-1: Ball 2-1: Ball 3-1: Base on Balls
|
|
Batting: RHB Jason Sher
|
0-0: Ball 1-0: Foul Ball, location: 2F 1-1: Swinging Strike 1-2: Ball 2-2: Ball 3-2: Strikes out swinging Chad Thompson steals 2nd base Batter strikes out.
|
|
Batting: LHB Tyler Babbitt
|
0-0: Ball Chad Thompson steals 3rd base 1-0: Ball 2-0: Foul Ball, location: 2F 2-1: Ball 3-1: Swinging Strike 3-2: Ground out 4-3 (Groundball, 4, EV 87.5 MPH) Chad Thompson scores
|
|
Batting: SHB Valentin Laporte
|
0-0: Called Strike 0-1: Ball 1-1: Foul Ball, location: 2F 1-2: Ball 2-2: Strikes out swinging
|
| Top of the 2nd over - 1 run, 0 hits, 0 errors, 0 left on base; Columbus 4 - Omaha 3 |
| BOTTOM OF THE 2ND |
|
Omaha Storm Chasers batting - Pitching for Columbus Clippers : RHP Roberto Reyes
|
|
Batting: RHB Chad Sullivan
|
0-0: Ball 1-0: Ball 2-0: Ground out 5-3 (Groundball, 5, EV 101.2 MPH)
|
|
Batting: RHB Jason Birge
|
0-0: Ball 1-0: Foul Ball, location: 2F 1-1: Swinging Strike 1-2: Ball 2-2: Strikes out looking
|
|
Batting: RHB Ken Postlethwaite
|
0-0: Called Strike 0-1: Ball 1-1: Ball 2-1: SINGLE (Groundball, 6MD, EV 95.6 MPH)
|
|
Batting: RHB Adam Martin
|
0-0: Ball 1-0: Ball 2-0: Foul Ball, location: 2F 2-1: Fly out, F3 (Popup, 3L, EV 60.0 MPH)
|
| Bottom of the 2nd over - 0 runs, 1 hit, 0 errors, 1 left on base; Columbus 4 - Omaha 3 |
| TOP OF THE 3RD |
|
Columbus Clippers batting - Pitching for Omaha Storm Chasers : RHP Jim Haggart
|
|
Batting: LHB Zion Davidson
|
0-0: Foul Ball, location: 2F 0-1: Fly out, F9 (Flyball, 9, EV 83.8 MPH)
|
|
Batting: LHB Jesus Lozano
|
0-0: Foul Ball, location: 2F 0-1: Ball 1-1: Hit by Pitch
|
|
Batting: RHB Mike Quackenbush
|
0-0: Ball Jesus Lozano steals 2nd base 1-0: Called Strike 1-1: Ball 2-1: Fly out, F7 (Flyball, 78M, EV 90.0 MPH)
|
|
Batting: RHB Kyle Scruggs
|
0-0: Called Strike 0-1: Fly out, F7 (Flyball, 78M, EV 90.0 MPH)
|
| Top of the 3rd over - 0 runs, 0 hits, 0 errors, 1 left on base; Columbus 4 - Omaha 3 |
| BOTTOM OF THE 3RD |
|
Omaha Storm Chasers batting - Pitching for Columbus Clippers : RHP Roberto Reyes
|
|
Batting: RHB Taisei Fujii
|
0-0: Called Strike 0-1: Swinging Strike 0-2: SINGLE (Groundball, 56D, EV 108.8 MPH)
|
|
Batting: SHB Ryoji Hiraoka
|
0-0: Ball 1-0: Ball Taisei Fujii steals 2nd base 2-0: Called Strike 2-1: Foul Ball, location: 2F 2-2: Ball 3-2: Strikes out swinging
|
|
Batting: RHB Kazuki Arai
|
0-0: Ball 1-0: Called Strike 1-1: Swinging Strike 1-2: Ball 2-2: Ball 3-2: Foul Ball, location: 2F 3-2: Strikes out swinging
|
|
Batting: SHB Mike Williams
|
0-0: Called Strike 0-1: Called Strike 0-2: Ball 1-2: Ball 2-2: Ball 3-2: Base on Balls
|
|
Batting: RHB Yuichi Takata
|
0-0: Swinging Strike 0-1: Ball 1-1: Fly out, F5 (Popup, 25F, EV 75.0 MPH)
|
| Bottom of the 3rd over - 0 runs, 1 hit, 0 errors, 2 left on base; Columbus 4 - Omaha 3 |
| TOP OF THE 4TH |
|
Columbus Clippers batting - Pitching for Omaha Storm Chasers : RHP Jim Haggart
|
|
Batting: RHB Justin Ganey
|
0-0: Ball 1-0: Called Strike 1-1: Ball 2-1: Foul Ball, location: 2F 2-2: Strikes out swinging
|
|
Batting: RHB Chad Thompson
|
0-0: Swinging Strike 0-1: Ball 1-1: Called Strike 1-2: Foul Ball, location: 2F 1-2: Ground out 6-3 (Groundball, 6, EV 89.4 MPH)
|
|
Batting: RHB Jason Sher
|
0-0: Ball 1-0: Called Strike 1-1: Ball 2-1: Swinging Strike 2-2: Strikes out looking
|
| Top of the 4th over - 0 runs, 0 hits, 0 errors, 0 left on base; Columbus 4 - Omaha 3 |
| BOTTOM OF THE 4TH |
|
Omaha Storm Chasers batting - Pitching for Columbus Clippers : RHP Roberto Reyes
|
|
Batting: RHB Chad Sullivan
|
0-0: Ball 1-0: Ball 2-0: SOLO HOME RUN (Flyball, 9D, EV 95.0 MPH), Distance : 361 ft
|
|
Batting: RHB Jason Birge
|
0-0: Fly out, F9 (Line Drive, 9S, EV 94.4 MPH)
|
|
Batting: RHB Ken Postlethwaite
|
0-0: Ball 1-0: Called Strike 1-1: Ground out 4-3 (Groundball, 4S, EV 88.1 MPH)
|
|
Batting: RHB Adam Martin
|
0-0: Ball 1-0: Ball 2-0: Called Strike 2-1: Ball 3-1: Fly out, F8 (Flyball, 8LS, EV 85.0 MPH)
|
| Bottom of the 4th over - 1 run, 1 hit, 0 errors, 0 left on base; Columbus 4 - Omaha 4 |
| TOP OF THE 5TH |
|
Columbus Clippers batting - Pitching for Omaha Storm Chasers : RHP Jim Haggart
|
|
Batting: LHB Tyler Babbitt
|
0-0: Called Strike 0-1: SINGLE (Groundball, 4MD, EV 97.5 MPH)
|
|
Batting: SHB Valentin Laporte
|
0-0: Foul Ball, location: 2F 0-1: Foul Ball, location: 2F 0-2: Ball 1-2: Ball 2-2: Foul Ball, location: 2F 2-2: Strikes out looking
|
|
Pitching: RHP Junsuke Abe
|
|
|
Batting: LHB Zion Davidson
|
0-0: Called Strike 0-1: Ball 1-1: Ball 2-1: Called Strike 2-2: Ball Wild Pitch! Tyler Babbitt to second 3-2: Foul Ball, location: 2F 3-2: Strikes out swinging
|
|
Batting: LHB Jesus Lozano
|
0-0: Foul Ball, location: 2F 0-1: Called Strike 0-2: Ball 1-2: Strikes out swinging
|
| Top of the 5th over - 0 runs, 1 hit, 0 errors, 1 left on base; Columbus 4 - Omaha 4 |
| BOTTOM OF THE 5TH |
|
Omaha Storm Chasers batting - Pitching for Columbus Clippers : RHP Roberto Reyes
|
|
Batting: RHB Taisei Fujii
|
0-0: Called Strike 0-1: Swinging Strike 0-2: Ball 1-2: Ball 2-2: Ball 3-2: Base on Balls
|
|
Batting: SHB Ryoji Hiraoka
|
0-0: Called Strike 0-1: Fly out, F8 (Flyball, 8RM, EV 92.5 MPH)
|
|
Batting: RHB Kazuki Arai
|
0-0: Ball 1-0: Swinging Strike 1-1: Foul Ball, location: 2F 1-2: SINGLE (Line Drive, 89S, EV 87.5 MPH) Taisei Fujii to second Runner from 2nd tries for 3rd, SAFE, throw by RF made to third
|
|
Batting: SHB Mike Williams
|
0-0: SINGLE (Line Drive, 7S, EV 101.9 MPH) Taisei Fujii scores Kazuki Arai to second Runner from 2nd tries for 3rd, OUT! 7-5
|
|
Pitching: RHP Paul Lewis
|
|
|
Batting: RHB Yuichi Takata
|
0-0: Ball 1-0: SINGLE (Groundball, 6MD, EV 100.6 MPH) Mike Williams to second Runner from 2nd tries for 3rd, OUT! 8-5
|
| Bottom of the 5th over - 1 run, 3 hits, 0 errors, 1 left on base; Columbus 4 - Omaha 5 |
| TOP OF THE 6TH |
|
Columbus Clippers batting - Pitching for Omaha Storm Chasers : RHP Junsuke Abe
|
|
Batting: RHB Mike Quackenbush
|
0-0: Ball 1-0: Ball 2-0: Swinging Strike 2-1: Ball 3-1: Base on Balls
|
|
Batting: RHB Kyle Scruggs
|
0-0: Foul Ball, location: 2F 0-1: Ball 1-1: Fielders Choice at 2nd, 6-4 (Groundball, 6, EV 106.2 MPH)
|
|
Batting: RHB Justin Ganey
|
0-0: Ball Wild Pitch! Kyle Scruggs to second 1-0: Ball 2-0: Foul Ball, location: 2F 2-1: Ground out U3 (Groundball, 34S, EV 86.2 MPH) Kyle Scruggs to third
|
|
Batting: RHB Chad Thompson
|
0-0: Swinging Strike 0-1: Called Strike 0-2: Ball 1-2: Ground out 6-3 (Groundball, 6D, EV 100.0 MPH)
|
| Top of the 6th over - 0 runs, 0 hits, 0 errors, 1 left on base; Columbus 4 - Omaha 5 |
| BOTTOM OF THE 6TH |
|
Omaha Storm Chasers batting - Pitching for Columbus Clippers : RHP Paul Lewis
|
|
Batting: RHB Chad Sullivan
|
0-0: Fly out, F7 (Flyball, 7D, EV 97.5 MPH)
|
|
Batting: RHB Jason Birge
|
0-0: Swinging Strike 0-1: Foul Ball, location: 2F 0-2: Ball 1-2: Strikes out swinging
|
|
Batting: RHB Ken Postlethwaite
|
0-0: Ball 1-0: Ball 2-0: Swinging Strike 2-1: Swinging Strike 2-2: Ball 3-2: Strikes out looking
|
| Bottom of the 6th over - 0 runs, 0 hits, 0 errors, 0 left on base; Columbus 4 - Omaha 5 |
| TOP OF THE 7TH |
|
Columbus Clippers batting - Pitching for Omaha Storm Chasers : RHP Junsuke Abe
|
|
Pitching: RHP Justin Nipper
|
|
|
Batting: RHB Jason Sher
|
0-0: Swinging Strike 0-1: Foul Ball, location: 2F 0-2: Strikes out swinging
|
|
Batting: LHB Tyler Babbitt
|
0-0: Called Strike 0-1: Swinging Strike 0-2: Ball 1-2: Foul Ball, location: 2F 1-2: Foul Ball, location: 2F 1-2: Ball 2-2: Foul Ball, location: 2F 2-2: Ball 3-2: Foul Ball, location: 2F 3-2: Base on Balls
|
|
Batting: SHB Valentin Laporte
|
0-0: Swinging Strike 0-1: Ball 1-1: Reached on error, E3 (Groundball, 3, EV 83.8 MPH) Tyler Babbitt to second
|
|
Batting: LHB Zion Davidson
|
0-0: Fly out, F8 (Flyball, 8LD, EV 91.2 MPH)
|
|
Batting: LHB Jesus Lozano
|
0-0: SINGLE (Groundball, 4MD, EV 100.6 MPH) Tyler Babbitt to third Valentin Laporte to second Runner from 3rd tries for Home, SAFE, throw by CF to home
|
|
Pinch Hitting: SHB Scott Scott
|
0-0: Ball 1-0: Called Strike 1-1: Foul Ball, location: 2F 1-2: Ball 2-2: Ball 3-2: Foul Ball, location: 2F 3-2: Foul Ball, location: 2F 3-2: Ground out 3-1 (Groundball, 34, EV 99.4 MPH)
|
| Top of the 7th over - 1 run, 1 hit, 1 error, 2 left on base; Columbus 5 - Omaha 5 |
| BOTTOM OF THE 7TH |
|
Omaha Storm Chasers batting - Pitching for Columbus Clippers : RHP Paul Lewis
|
|
Now at SS: Scott Scott
|
|
|
Batting: RHB Adam Martin
|
0-0: Ball 1-0: Foul Ball, location: 2F 1-1: Swinging Strike 1-2: SOLO HOME RUN (Flyball, 78XD, EV 106.9 MPH), Distance : 404 ft
|
|
Batting: RHB Taisei Fujii
|
0-0: Foul Ball, location: 2F 0-1: SINGLE (Line Drive, 6M, EV 94.4 MPH)
|
|
Batting: SHB Ryoji Hiraoka
|
0-0: Foul Ball, location: 2F 0-1: Ball 1-1: Ball Wild Pitch! Taisei Fujii to second 2-1: Foul Ball, location: 2F 2-2: Strikes out swinging
|
|
Batting: RHB Kazuki Arai
|
0-0: Called Strike 0-1: Ball 1-1: Ball 2-1: Ball 3-1: Called Strike 3-2: Base on Balls
|
|
Batting: SHB Mike Williams
|
0-0: Ball 1-0: Grounds into double play, 6-4-3 (Groundball, 6, EV 82.5 MPH)
|
| Bottom of the 7th over - 1 run, 2 hits, 0 errors, 1 left on base; Columbus 5 - Omaha 6 |
| TOP OF THE 8TH |
|
Columbus Clippers batting - Pitching for Omaha Storm Chasers : RHP Justin Nipper
|
|
Pitching: RHP Mike Tuck
|
|
|
Now at 2B: Yuichi Takata
|
|
|
Now at SS: Arturo Baez
|
|
|
Batting: RHB Kyle Scruggs
|
0-0: Ground out U3 (Groundball, 3S, EV 93.1 MPH)
|
|
Batting: RHB Justin Ganey
|
0-0: Called Strike 0-1: Called Strike 0-2: SINGLE (Groundball, 56, EV 96.9 MPH)
|
|
Batting: RHB Chad Thompson
|
0-0: Fly out, F9 (Flyball, 9, EV 78.8 MPH)
|
|
Batting: RHB Jason Sher
|
0-0: Foul Ball, location: 2F 0-1: Swinging Strike 0-2: Ball 1-2: Foul Ball, location: 2F 1-2: Ball 2-2: Strikes out looking
|
| Top of the 8th over - 0 runs, 1 hit, 0 errors, 1 left on base; Columbus 5 - Omaha 6 |
| BOTTOM OF THE 8TH |
|
Omaha Storm Chasers batting - Pitching for Columbus Clippers : RHP Paul Lewis
|
|
Batting: RHB Yuichi Takata
|
0-0: Ball 1-0: Ball 2-0: Ball 3-0: Base on Balls
|
|
Batting: RHB Chad Sullivan
|
0-0: Bunted foul 0-1: Bunt - Flyout to 5S! F5
|
|
Batting: RHB Jason Birge
|
0-0: Grounds into double play, 5-4-3 (Groundball, 56, EV 100.6 MPH)
|
| Bottom of the 8th over - 0 runs, 0 hits, 0 errors, 0 left on base; Columbus 5 - Omaha 6 |
| TOP OF THE 9TH |
|
Columbus Clippers batting - Pitching for Omaha Storm Chasers : RHP Mike Tuck
|
|
Pitching: RHP Gan Ts'ong
|
|
|
Batting: LHB Tyler Babbitt
|
0-0: Swinging Strike 0-1: Ball 1-1: Called Strike 1-2: Foul Ball, location: 2F 1-2: Foul Ball, location: 2F 1-2: Ball 2-2: Ground out U3 (Groundball, 34, EV 88.1 MPH)
|
|
Batting: SHB Valentin Laporte
|
0-0: Ball 1-0: Ball 2-0: Swinging Strike 2-1: Foul Ball, location: 2F 2-2: Ball 3-2: Strikes out looking
|
|
Batting: LHB Zion Davidson
|
0-0: Called Strike 0-1: SINGLE (Groundball, 4D, EV 106.9 MPH)
|
|
Batting: LHB Jesus Lozano
|
0-0: Ball 1-0: Called Strike 1-1: Ball 2-1: Fly out, F7 (Flyball, 7LD, EV 87.5 MPH)
|
| Top of the 9th over - 0 runs, 1 hit, 0 errors, 1 left on base; Columbus 5 - Omaha 6 |
|